 Dungeon Crawl Stone Soup version 0.26.0-10-g1f06aea511 (webtiles) character file.

Game seed: 18064000162919529879

654 vatarom the Gusty (level 7, -2/39 HPs)
             Began as a Tengu Air Elementalist on Jan 18, 2021.
             Was an Initiate of Vehumet.
             Slain by Pikel
             ... wielding a +1 whip of flaming
              (7 damage)
             ... on level 4 of the Dungeon.
             The game lasted 00:15:54 (7285 turns).

vatarom the Gusty (Tengu Air Elementalist)          Turns: 7285, Time: 00:15:55

Health: -2/39      AC:  2    Str:  9    XL:     7   Next: 54%
Magic:  0/13       EV: 12    Int: 16    God:    Vehumet [......]
Gold:   379        SH:  5    Dex: 13    Spells: 3/12 levels left

rFire    + . .     SeeInvis .   b - +0 dagger
rCold    . . .     Faith    .   (no shield)
rNeg     + . .     Spirit   .   a - +0 robe
rPois    .         Reflect  +   (helmet restricted)
rElec    .         Harm     .   (no cloak)
rCorr    .         Rampage  .   (no gloves)
Will     +....                  (boots unavailable)
Stlth    ++........             p - amulet of reflection
HPRegen  0.13/turn              n - ring of positive energy
MPRegen  0.13/turn              f - ring of protection from fire

@: no status effects
A: antennae 1, beak, talons 3, clumsy 1, strong-willed 1, able to fly
a: Fly, Renounce Religion


You were on level 4 of the Dungeon.
You worshipped Vehumet.
Vehumet was noncommittal.
You visited 1 branch of the dungeon, and saw 5 of its levels.

You collected 379 gold pieces.

Inventory:

Hand Weapons
 b - a +0 dagger (weapon)
Missiles
 e - 16 boomerangs
 g - 143 stones
 o - 44 poisoned darts
Armour
 a - a +0 robe (worn)
Jewellery
 c - an uncursed amulet of the acrobat
 f - a ring of protection from fire (right hand)
 n - a ring of positive energy (left hand)
 p - an amulet of reflection (around neck)
Wands
 q - a wand of flame (8)
 v - a wand of paralysis (19)
 x - a wand of random effects (15)
Scrolls
 d - a scroll of immolation
 h - a scroll of identify {@r1}
 j - a scroll of enchant weapon
 t - a scroll of fear {unknown}
 u - 3 scrolls of remove curse {@r2}
Potions
 i - 3 potions of heal wounds {@q2}
 k - a potion of haste {@q3}
 l - a potion of berserk rage
 m - a potion of mutation
 r - a potion of degeneration
 s - a potion of flight
 w - a potion of cancellation {unknown}


   Skills:
 + Level 1.8 Fighting
 - Level 2.1 Dodging
 - Level 2.0 Stealth
 * Level 3.4 Spellcasting
 + Level 6.8 Conjurations
 - Level 7.3 Air Magic


You had 3 spell levels left.
You knew the following spells:

 Your Spells              Type           Power        Failure   Level
a - Shock                 Conj/Air       100%         1%          1
b - Swiftness             Air            26%          1%          2
c - Static Discharge      Conj/Air       25%          3%          3
d - Dazzling Flash        Conj/Hex       26%          13%         3

Your spell library contained the following spells:

 Spells                   Type           Power        Failure   Level
 Magic Dart               Conj           96%          1%          1
 Searing Ray              Conj           48%          1%          2
 Airstrike                Air            13%          9%          4
 Lightning Bolt           Conj/Air       12%          26%         5
 Fulminant Prism          Conj/Hex       6%           41%         4
 Iskenderun's Mystic Bla  Conj/Tloc      13%          41%         4


Dungeon Overview and Level Annotations

Branches:
Dungeon (5/15)
 Temple: D:4-7

Altars:
Ashenzari
Makhleb
Nemelex Xobeh
Qazlal
Ru
Trog
Vehumet
The Shining One

Shops:
D:4 ?

Annotations:
D:4 Pikel


Innate Abilities, Weirdness & Mutations

You have a beak for a mouth.
You have claws for feet.
You can fly continuously.
You have a pair of small antennae on your head.
You are clumsy. (Dex -2)
You are strong-willed. (Will+)


Message History

Press: ? - help, Shift-Dir - straight line, f - Pikel
Aim: Pikel, wielding a +1 whip of flaming and wearing a +0 robe (severely wounded, chance to affect: 46%) Pikel resists with some effort.
Pikel hits you with a +1 whip of flaming.
* * * LOW HITPOINT WARNING * * *
Pikel burns you.
* * * LOW HITPOINT WARNING * * *
Evoke which item? (* to show all) (? for menu, Esc to quit)
Aiming: Paralyse
Press: ? - help, Shift-Dir - straight line, f/p - Pikel
Aim: Pikel, wielding a +1 whip of flaming and wearing a +0 robe (severely wounded, chance to affect: 46%) Pikel resists with some effort.
You block Pikel's attack.
Unknown command.
Evoke which item? (* to show all) (? for menu, Esc to quit)
Aiming: Paralyse
Press: ? - help, Shift-Dir - straight line, f/p - Pikel
Aim: Pikel, wielding a +1 whip of flaming and wearing a +0 robe (severely wounded, chance to affect: 46%) Pikel resists with some effort.
Pikel hits you with a +1 whip of flaming!
You die...

##################
#.................
#K#.....##########
#@......).........
###.....##########
#########.......# #
#...............# #
#.##########....########
#.# #....[.............
#.# #.####..........###
#.# #.#<............'..
#.# #.####....[.....###


You could see Pikel.

Vanquished Creatures
  3 ogres
  A scorpion (D:4)
  A howler monkey (D:2)
  A jelly (D:5)
  An orc wizard (D:4)
  2 worker ants
  7 adders
  3 gnolls (D:5)
  2 shadow imps (D:5)
  An adder skeleton (D:4)
  2 worms
  4 dart slugs
  3 leopard geckos
  6 orcs
  A ball python (D:2)
  6 bats
  3 giant cockroaches
  6 hobgoblins
  6 jackals
  7 frilled lizards
  A giant cockroach zombie (D:5)
  6 goblins
  7 kobolds
  7 rats
87 creatures vanquished.

Vanquished Creatures (others)
  A shadow imp (D:5)
  A fungus (D:3)
  3 toadstools (D:3)
5 creatures vanquished.

Grand Total: 92 creatures vanquished

Notes
Turn   | Place    | Note
-------+----------+-------------------------------------------
     0 | D:1      | vatarom the Tengu Air Elementalist began the quest for the
                  | Orb.
     0 | D:1      | Reached XP level 1. HP: 10/10 MP: 4/4
   366 | D:1      | Reached XP level 2. HP: 14/15 MP: 0/6
  1356 | D:2      | Reached XP level 3. HP: 19/19 MP: 2/7
  1467 | D:2      | Learned a level 2 spell: Swiftness
  1471 | D:2      | Learned a level 3 spell: Static Discharge
  1614 | D:2      | Reached skill level 5 in Air Magic
  2040 | D:2      | Reached XP level 4. HP: 7/24 MP: 1/8
  2424 | D:2      | Found a stormy altar of Qazlal.
  3163 | D:3      | Found a sparkling altar of Nemelex Xobeh.
  3410 | D:3      | Gained mutation: You can fly continuously. [Tengu growth]
  3410 | D:3      | Reached XP level 5. HP: 13/28 MP: 1/9
  3683 | D:3      | Found a bloodstained altar of Trog.
  3683 | D:3      | Found a burning altar of Makhleb.
  3834 | D:4      | Noticed a black bear
  4128 | D:4      | Found a radiant altar of Vehumet.
  4128 | D:4      | Found a broken altar of Ashenzari.
  4128 | D:4      | Found a sacrificial altar of Ru.
  4128 | D:4      | Found a glowing golden altar of the Shining One.
  4143 | D:4      | Reached skill level 6 in Air Magic
  4252 | D:4      | Became a worshipper of Vehumet
  4300 | D:4      | Noticed an ogre
  4307 | D:4      | Killed an ogre
  4308 | D:4      | Reached skill level 5 in Conjurations
  4308 | D:4      | Reached XP level 6. HP: 30/32 MP: 0/10
  4525 | D:4      | Found Mojociam's Magic Scroll Boutique.
  4580 | D:4      | Reached skill level 7 in Air Magic
  4862 | D:4      | Noticed a phantom
  6030 | D:5      | Entered Level 5 of the Dungeon
  6059 | D:5      | Gained mutation: You have a pair of small antennae on your
                  | head. [potion of mutation]
  6059 | D:5      | Gained mutation: You are clumsy. (Dex -2) [potion of
                  | mutation]
  6059 | D:5      | Gained mutation: You are strong-willed. (Will+) [potion of
                  | mutation]
  6121 | D:5      | Reached XP level 7. HP: 7/37 MP: 11/11
  6479 | D:5      | Reached skill level 1 in Fighting
  7250 | D:5      | Noticed Pikel
  7255 | D:5      | Learned a level 3 spell: Dazzling Flash
  7285 | D:4      | Slain by Pikel

Illustrated notes

Levels and vault maps discovered:
D:1:      shiori_arrival_maze, layout_rooms
D:2:      layout_rooms, minmay_misc_feat_doors, kennysheep_path_1,
          nicolae_qazlal_general_emergency
D:3:      layout_loops_corners, gammafunk_temple_overflow_wave,
          minmay_gold_behind_fungi, nemelex_xobeh_ov_fountains_minmay
D:4:      black_bear_nest_1, layout_basic, grunt_temple_overflow_open,
          serial_shops, shop
D:5:      lemuel_ice_spiral_2, layout_basic, uniq_pikel

Skill      XL: |  1  2  3  4  5  6  7 |
---------------+----------------------+-----
Conjurations   | 2 3 4 5 6 |  6.8
Air Magic      | 5 6 7 |  7.3
Fighting       | 1 |  1.8
Spellcasting   | 3 |  3.4
Dodging        | |  2.1
Stealth        | |  2.0

Action                   |  1- 3 |  4- 6 |  7- 9 || total
-------------------------+-------+-------+-------++-------
Melee: Unarmed           |     6 |       |       ||     6
       Club              |     7 |       |       ||     7
       Kick              |     4 |    15 |       ||    19
       Whip              |    12 |       |       ||    12
       Peck              |     3 |    14 |     2 ||    19
       Glaive            |     5 |       |       ||     5
       Dagger            |       |    59 |     4 ||    63
Throw: Boomerang         |     8 |       |       ||     8
       Dart              |       |    10 |       ||    10
 Cast: Shock             |    61 |    44 |    33 ||   138
       Static Discharge  |     1 |    12 |     5 ||    18
       Dazzling Flash    |       |       |     2 ||     2
Evoke: Wand              |       |     2 |     3 ||     5
  Use: Scroll            |       |    12 |     1 ||    13
       Potion            |       |     3 |       ||     3
 Stab: Sleeping          |     1 |     1 |       ||     2
Armor: Robe              |     4 |    10 |     2 ||    16
Dodge: Dodged            |    25 |    55 |    11 ||    91
Block: Other             |       |     1 |     9 ||    10
